[Event "Benidorm Open-A 2022"]
[Site "Benidorm"]
[Date "2022.12.09"]
[Round "8.14"]
[White "Garcia Callejo, Jesus"]
[Black "Arjun C Krishnamachari"]
[Result "1/2-1/2"]
[ECO "B50"]
[WhiteElo "2140"]
[BlackElo "2241"]
[Annotator "TA"]
[PlyCount "100"]
[EventDate "2022.12.03"]
[EventType "swiss"]
[EventCountry "ESP"]
[SourceTitle "playchess.com"]
[Source "ChessBase"]
[SourceQuality "1"]
[TimeControl "5400+30"]

1. e4 c5 2. Nf3 d6 3. c3 Nf6 4. Bd3 g6 5. O-O Bg7 6. Re1 {B50: Sicilian: 2...d6, Miscellaneous.} O-O 7. Bc2 Nc6 8. d4 cxd4 9. Nxd4 {[#]} d5 $146 ({Predecessor:} 9... a6 10. Nxc6 bxc6 11. e5 Ng4 12. exd6 exd6 13. h3 Nf6 14. Bg5 d5 15. Nd2 Qb6 {½-½ (66) Petrusic,G (1943)-Markovic,M (1966) Cetinje 2009}) 10. exd5 Qxd5 11. Nxc6 (11. Bb3 $5 Qd6 12. Nxc6 Qxc6 13. Na3 $11 (13. Rxe7 Bg4 $11)) 11... Qxc6 12. Nd2 Bg4 {Against Qf3} 13. f3 (13. Nf3 {simplifies} e6 14. Qe2 Bxf3 15. Qxf3 Qxf3 16. gxf3 Rfd8 17. Bg5) 13... Be6 (13... Qb6+ {simplifies} 14. Kh1 Be6 15. Ne4 Nxe4 16. Bxe4 Rfd8) 14. Qe2 Rad8 15. Ne4 Nxe4 (15... Rd7 {seems wilder.} 16. Nxf6+ Bxf6 17. a4 Qc7) 16. Bxe4 Qd6 17. Be3 b6 18. Red1 Qc7 19. a4 Be5 20. h3 Bc4 21. Bd3 Bxd3 22. Rxd3 Rxd3 23. Qxd3 Rd8 24. Qb5 Bf4 25. Re1 Bxe3+ 26. Rxe3 $15 {[%mdl 4096] Endgame KQR-KQR} Rd1+ 27. Kf2 Qh2 (27... e6 $15) 28. Qe8+ (28. Rxe7 {is more complex.} Qf4 29. Re8+ Kg7 30. Qe5+) 28... Kg7 {( -> ...Qg1+)} 29. Qxe7 Qg1+ 30. Kg3 {aiming for Qe5+.} Rd5 {Inhibits Qe5+.} (30... Rd2 $14 31. Qe5+ (31. Re2 Rxe2 32. Qxe2 Qa1 $14) 31... Kg8) 31. c4 (31. Re6 $16) 31... Rf5 (31... Rd2 $1 $14 32. Qe5+ (32. Re2 Rxe2 33. Qxe2 Qc5 $14) 32... Kg8 33. Qe8+ (33. Re2 Rxe2 34. Qxe2 Qc5 $14) 33... Kg7 34. Qe5+ (34. Re2 Rxe2 35. Qxe2 Qc5 $14) 34... Kg8 35. Qb8+ (35. Re2 Rxe2 36. Qxe2 Qc5 $14) 35... Kg7 36. Qe5+) 32. Re5 $36 {[%mdl 2048] White is really pushing.} Rf6 33. Qd8 {Against Qd4. Active counter play!} ({Much worse is} 33. Qxa7 $6 Qd4 34. Re4 Qd6+ 35. Kf2 Qd2+ 36. Kg3 Qd6+ 37. Kf2 Qd2+ 38. Kg3 Qd6+ $11) 33... h5 {[#]} (33... h6 $16 {might work better.} 34. Re8 Rf5) 34. h4 $1 $18 Qc1 $2 (34... a5 35. Re8 Rf5 36. Rg8+ Kh7) 35. Re8 $2 (35. Qd4 $18) 35... Rf5 $2 (35... Qf4+ $14 36. Kh3 Qf5+ 37. Kh2 Re6 38. Qd4+ (38. Rg8+ Kh7 $14) 38... Qf6 39. Qxf6+ Kxf6) 36. Qd4+ Rf6 37. Rd8 g5 38. hxg5 Qxg5+ {[#]} 39. Kf2 ({White should try} 39. Kh3 $1 $18) 39... h4 $14 40. Rd5 ({Better is} 40. Re8 $16) 40... Qg3+ $11 {The position is equal.} 41. Kg1 h3 42. Qg4+ Qxg4 43. fxg4 hxg2 {KR-KR} (43... Rf4 {simplifies} 44. gxh3 Rxc4 45. Rg5+ Kf8) 44. Rd4 (44. Kxg2 {simplifies} Rf4 45. b3 Rxg4+ 46. Kf2) 44... Rf1+ 45. Kxg2 Rb1 46. Rd2 Rc1 47. b3 Rc3 {Inhibits Rd3.} 48. a5 Rxb3 49. axb6 Rxb6 50. Ra2 Rc6 {Black escapes into a draw.   Weighted Error Value: White=0.24 (precise) /Black=0.30} 1/2-1/2

[Event "Benidorm Open-A 2022"]
[Site "Benidorm"]
[Date "2022.12.09"]
[Round "8.15"]
[White "Goossens, Hanne"]
[Black "Gugan G"]
[Result "0-1"]
[ECO "C02"]
[WhiteElo "2200"]
[BlackElo "2126"]
[Annotator "TA"]
[PlyCount "42"]
[EventDate "2022.12.03"]
[EventType "swiss"]
[EventCountry "ESP"]
[SourceTitle "playchess.com"]
[Source "ChessBase"]
[SourceQuality "1"]
[TimeControl "5400+30"]

1. e4 e6 2. d4 d5 3. e5 c5 4. c3 Nc6 5. Nf3 Qb6 6. a3 f6 7. Be2 fxe5 8. Nxe5 Nxe5 9. dxe5 c4 10. Nd2 Bd7 11. O-O Bc5 (11... Qc7 $142) 12. Nf3 {C02: French: Advance Variation.} (12. b3 $16) 12... Ne7 $11 13. Nd4 {[#]} Bxd4 $146 ({Predecessor:} 13... Nc6 14. Bh5+ g6 15. Nxc6 bxc6 16. Bg4 O-O 17. Qe2 h5 18. Bf3 Rf5 19. h4 Be7 20. g4 Rf7 21. gxh5 Raf8 22. Bh6 Rxf3 23. Bxf8 Rxf8 24. hxg6 Rf4 25. Rfe1 Qd8 26. h5 Bc5 {0-1 (26) Yee,F (2128)-Warner,D (2175) Merida 2001}) 14. Qxd4 {Black is slightly better.} Qxd4 15. cxd4 O-O 16. a4 Rfc8 17. Be3 b6 18. Ra3 a6 19. Rfa1 Rab8 20. b3 Kf8 21. Bd2 Nc6 {[%mdl 32768] White got outplayed after the opening.   Weighted Error Value: White=0.26 (precise) /Black=0.12 (very precise) . Loss on time!?} 0-1

[Event "Benidorm Open-A 2022"]
[Site "Benidorm"]
[Date "2022.12.09"]
[Round "8.16"]
[White "Fernandez Garcia, Gumersindo"]
[Black "Sarveshwaran V"]
[Result "1/2-1/2"]
[ECO "E06"]
[WhiteElo "2172"]
[BlackElo "2040"]
[Annotator "TA"]
[PlyCount "74"]
[EventDate "2022.12.03"]
[EventType "swiss"]
[EventCountry "ESP"]
[SourceTitle "playchess.com"]
[Source "ChessBase"]
[SourceQuality "1"]
[TimeControl "5400+30"]

1. d4 d5 2. c4 e6 3. Nf3 Nf6 4. g3 Be7 5. Bg2 O-O 6. Qc2 Ne4 7. O-O c6 8. Ne5 {E06: Closed Catalan: Early deviations.} (8. Nbd2 $5 ) 8... f5 9. f3 Nf6 {[#]} 10. c5 $146 (10. Be3 $14) ({Predecessor:} 10. Bf4 Nh5 11. Bd2 Nd7 12. Nxd7 Bxd7 13. e4 fxe4 14. fxe4 dxe4 15. Nc3 e5 16. Rxf8+ Qxf8 17. Bxe4 {1-0 (44) Palma Munoz,O (1615)-Andrade Mayorga,R Temuco 2021}) 10... Nbd7 11. Nd3 b6 12. b4 a5 $1 {White should prevent ...axb4.} 13. b5 bxc5 $1 14. bxc6 Nb8 15. c7 ({Better is} 15. Nxc5 $15 Nxc6 16. Be3) 15... Qxc7 $17 16. Bf4 Qa7 {[#] And now ...c4 would win.} 17. dxc5 Ba6 18. Be3 Nbd7 (18... Nc6 $142 19. Nd2 Rfc8) 19. Rc1 (19. Qd2 $142) 19... Rac8 20. Nd2 (20. Nc3 $17) 20... Bxd3 $19 21. Qxd3 Bxc5 (21... Nxc5 22. Qb5 $17) 22. Bxc5 Rxc5 ({Weaker is} 22... Nxc5 23. Qe3) 23. Kf1 Ne5 24. Qa3 Nc4 $40 {[%mdl 128] Black is out for blood.} 25. Nxc4 dxc4 (25... Rxc4 $2 {too greedy.} 26. e3) 26. Qe3 {Threatens to win with Rxc4.} Qe7 27. Rab1 Nd5 {Prevents f4.} 28. Qd4 (28. Qa3) 28... e5 29. Qf2 Re8 30. Bh3 g6 31. e4 Nb4 {...Nd3 is the strong threat.} 32. Rc3 (32. Qe2 {was called for.} fxe4 33. Qxe4) 32... Nd3 (32... fxe4 $142 33. Be6+ Kg7 34. Rxc4 Rb5) 33. Qd2 $2 (33. Qe2 {is more resistant.}) 33... Rd8 $2 (33... fxe4 34. Qe2 exf3) 34. Qe2 (34. exf5 {keeps fighting.} Nf4 35. f6) 34... f4 35. Kg2 fxg3 36. hxg3 Qg5 {Against Qe3. Hoping for ...Nf4+.} 37. Kh2 (37. Be6+ Kh8 38. Kh2 {[#]} Nf4 $1 39. gxf4 Qxf4+ 40. Kg1 Rd2 41. Rb8+ Kg7 42. Rg8+ Kf6 43. Rf8+ Kxe6 44. Rxf4 Rxe2 $19) 37... Nf4 {Inhibits Be6+.   Weighted Error Value: White=0.48/Black=0.33} 1/2-1/2

[Event "Benidorm Open-A 2022"]
[Site "Benidorm"]
[Date "2022.12.09"]
[Round "8.17"]
[White "Rodriguez Melendez, Juan Humbert"]
[Black "Lohia, Sohum"]
[Result "1/2-1/2"]
[ECO "E04"]
[WhiteElo "2157"]
[BlackElo "2136"]
[Annotator "TA"]
[PlyCount "100"]
[EventDate "2022.12.03"]
[EventType "swiss"]
[EventCountry "ESP"]
[SourceTitle "playchess.com"]
[Source "ChessBase"]
[SourceQuality "1"]
[TimeControl "5400+30"]

1. d4 Nf6 2. c4 e6 3. g3 d5 4. Bg2 dxc4 5. Nf3 Nc6 6. Qa4 Bb4+ 7. Bd2 Nd5 8. Qb5 {E04: Open Catalan: 5 Nf3.} O-O 9. Qxc4 Nb6 10. Qd3 Bxd2+ (10... e5 {looks sharper.} 11. Nxe5 Bxd2+ 12. Nxd2 Nb4) 11. Nbxd2 e5 12. Nxe5 Nxd4 13. e3 Nf5 14. Qxd8 Rxd8 15. Rc1 c6 {[#]} 16. Ne4 $146 ({Predecessor:} 16. Ke2 Be6 17. a3 Nd6 18. Rhd1 Na4 19. Nd3 Nb5 20. Ne4 Bd5 21. f3 Re8 22. Nec5 Nxc5 23. Nxc5 {0-1 (39) Selvabharathy,T (1800)-Sekar,B (2188) Mumbai 2016}) 16... f6 17. Nf3 Rb8 18. b3 Be6 (18... Nd6 $5 19. Rd1 Nd5 20. Nxd6 Rxd6 $14) 19. O-O Bd5 20. Nc3 {[#] aiming for e4.} Bxf3 21. Bxf3 Kf7 22. Rfd1 h6 23. Kf1 Ke7 24. Ke2 Rxd1 25. Rxd1 Rd8 26. Rxd8 Kxd8 $11 {[%mdl 4096] Endgame KBN-KNN} 27. Ne4 Ke7 {The position is equal.} 28. Nc5 Nd6 29. Kd2 Nd7 30. Nxd7 Kxd7 {KB-KN} 31. b4 a5 32. a3 axb4 33. axb4 Nc4+ 34. Kc3 Ne5 35. Be2 Kd6 36. f4 Nd7 37. Bf3 b6 38. Kd4 Nb8 39. e4 c5+ 40. bxc5+ bxc5+ 41. Kc4 Nc6 42. e5+ fxe5 43. Bxc6 {[%mdl 64] [#] Remove Defender} Kxc6 44. fxe5 {White threatens g4 and mate. K3P-K3P} h5 45. h3 (45. h4 $5) 45... g5 $1 46. h4 (46. g4 $5 h4 $8 47. e6 $11) 46... g4 47. e6 Kd6 48. e7 Kxe7 49. Kxc5 Ke6 {( -> ...Ke5)} 50. Kd4 Kd6 {Weighted Error Value: White=0.04 (flawless) /Black=0.05 (flawless)} 1/2-1/2

[Event "Benidorm Open-A 2022"]
[Site "Benidorm"]
[Date "2022.12.09"]
[Round "8.18"]
[White "Hiren K G"]
[Black "Priyanka, Kumari"]
[Result "0-1"]
[ECO "C63"]
[WhiteElo "1965"]
[BlackElo "1910"]
[Annotator "TA"]
[PlyCount "42"]
[EventDate "2022.12.03"]
[EventType "swiss"]
[EventCountry "ESP"]
[SourceTitle "playchess.com"]
[Source "ChessBase"]
[SourceQuality "1"]
[TimeControl "5400+30"]

1. e4 e5 2. Nf3 Nc6 3. Bb5 f5 4. d3 fxe4 5. dxe4 Nf6 6. O-O Bc5 {6...d6 deserves study.} 7. Nbd2 {C63: Ruy Lopez: Schliemann/Jaenisch Defence.} (7. Bxc6 $14 bxc6 8. Nxe5) 7... d6 $11 8. h3 (8. c3 $11) 8... O-O $15 9. c3 {Black is slightly better.} Kh8 10. Qe2 Nh5 {aiming for ...Nf4.} 11. Rd1 $2 {[%mdl 8192] [#]} (11. Qd1 $17 {was called for.}) 11... Nf4 $19 12. Qf1 Qe8 {Hoping for ...Qh5.} 13. Kh1 (13. b4 Bb6 14. a4 a5 15. bxa5 Bxa5 $19) (13. h4 {might work better.}) 13... Qh5 {Black is clearly winning.} 14. Ng1 {[#]} (14. b4 Bb6 15. h4 a5 16. bxa5 Rxa5 $19) (14. Kh2 $142 g5 15. Bxc6 bxc6 16. b4) 14... Nxh3 $1 15. gxh3 Rxf2 ({Weaker is} 15... Bxf2 16. Be2 Qh4 17. Qg2 Bxg1 18. Rxg1 Qxh3+ 19. Qxh3 Bxh3 20. Nf3 $14) 16. Qxf2 Bxf2 17. Rf1 Qh4 {White must now prevent ...Qg3.} ({Inferior is} 17... Bxh3 18. Rxf2 Bg4+ 19. Rh2 $17) 18. Ndf3 Qg3 (18... Qxe4 $2 {too greedy.} 19. Rxf2 Be6 20. Bd2 $19) 19. Nh2 Be6 {Threatens to win with ...Rf8.} 20. Ne2 Qh4 21. Bd3 {[#] White got outplayed after the opening.   Weighted Error Value: White=0.95/Black=0.01 (flawless)} {Predecessor:} d5 $146 0-1

[Event "Benidorm Open-A 2022"]
[Site "Benidorm"]
[Date "2022.12.09"]
[Round "8.19"]
[White "Cabezas Ayala, Ivan"]
[Black "Sanroman Costas, Mauro"]
[Result "1/2-1/2"]
[ECO "B11"]
[WhiteElo "2259"]
[BlackElo "2123"]
[Annotator "TA"]
[PlyCount "70"]
[EventDate "2022.12.03"]
[EventType "swiss"]
[EventCountry "ESP"]
[SourceTitle "playchess.com"]
[Source "ChessBase"]
[SourceQuality "1"]
[TimeControl "5400+30"]

1. e4 c6 2. Nc3 d5 3. Nf3 Bg4 4. h3 Bxf3 5. Qxf3 e6 6. d4 Nf6 7. Bg5 Be7 {B11: Caro-Kann: Two Knights Variation.} 8. O-O-O Nxe4 9. Bxe7 ({But not} 9. Nxe4 Bxg5+ 10. Nxg5 Qxg5+ 11. Kb1 Nd7 $17) 9... Qxe7 10. Nxe4 dxe4 11. Qxe4 Nd7 12. Kb1 Nf6 13. Qh4 {[#]} h6 $146 ({Predecessor:} 13... O-O-O 14. Be2 c5 15. Bf3 h6 16. Qf4 c4 17. c3 Qc7 18. Qxc7+ Kxc7 19. Rhe1 Nd5 20. g3 Rd6 21. Re5 Rhd8 22. Rde1 b5 23. Kc2 a5 24. Bxd5 {½-½ (24) Frostick,C (2166)-Agnew,A (2108) England 2018}) 14. Bc4 Qc7 15. f4 {Against g5} O-O-O 16. Qf2 Nd5 17. f5 exf5 18. Qxf5+ Qd7 19. Qf3 f6 20. Rhe1 Rhe8 21. a3 Kb8 22. Bb3 Ka8 23. Ka2 a6 24. c3 Ka7 25. Qf2 Ka8 26. c4 Nc7 27. d5 {The position is equal.} (27. Rxe8 {simplifies} Qxe8 28. Qg3 Qf7 29. Qc3) 27... cxd5 28. cxd5 Qd6 29. Qf5 Rxe1 30. Rxe1 Rd7 (30... Nxd5 $2 31. Rd1 $18) 31. h4 Re7 32. Rc1 Qd7 33. Qf2 {[%cal Od5d6] [#] Threatens to win with d6!} Qd6 (33... Nxd5 $2 34. Rd1 $18) 34. Qf5 Qd7 35. Qf2 {[%cal Od5d6] And now d6! would win.} Qd6 {An even fight not without its subleties.   Weighted Error Value: White=0.04 (flawless) /Black=0.04 (flawless)} (35... Nxd5 $2 36. Rd1 $18) 1/2-1/2

[Event "Benidorm Open-A 2022"]
[Site "Benidorm"]
[Date "2022.12.09"]
[Round "8.20"]
[White "Ilinca Ilinca, Felix Antonio"]
[Black "Sanchez Manzanares, Jorge Luis"]
[Result "1-0"]
[ECO "A05"]
[WhiteElo "2233"]
[BlackElo "2095"]
[Annotator "TA"]
[PlyCount "57"]
[EventDate "2022.12.03"]
[EventType "swiss"]
[EventCountry "ESP"]
[SourceTitle "playchess.com"]
[Source "ChessBase"]
[SourceQuality "1"]
[TimeControl "5400+30"]

1. Nf3 d5 2. g3 Nf6 3. Bg2 e6 4. O-O c5 5. d4 Nc6 6. c4 dxc4 7. dxc5 Qxd1 8. Rxd1 Bxc5 9. Nbd2 c3 10. bxc3 O-O 11. Nb3 Be7 {E04: Open Catalan: 5 Nf3.} 12. c4 {[#]} h6 $146 ({Predecessor:} 12... Bd7 13. Bb2 Rfd8 14. Nfd4 Rac8 15. Rac1 Be8 16. h4 Nxd4 17. Rxd4 b6 18. Rxd8 Rxd8 19. Bd4 Ba4 20. e3 Rc8 {½-½ (48) Nepomniachtchi,I (2792)-Firouzja,A (2778) Saint Louis 2022}) 13. Bb2 a5 {White is slightly better.} 14. Nbd4 {With the idea Nxc6.} Nb4 (14... Bd7 $11) 15. Ne5 Na6 16. Nb5 {White is much more active. The black rooks are badly placed.} Nc5 (16... Nb4 $16 17. Nd6 Nc6) 17. Ba3 $18 Ra6 18. Rd4 Ne8 19. Rad1 {[%cal Od4d8] Rd8! is the strong threat.} Ra8 $2 {[#]} (19... Nf6 {keeps fighting.} 20. e3 g6) 20. Nd3 {White is clearly winning.} e5 21. Rd5 ({Weaker is} 21. Bxc5 Bxc5 22. Rd5 (22. Nxc5 exd4 23. Bxb7 Bxb7 $11) 22... Be7 23. Rxe5 (23. Nxe5 Nf6 $16) 23... Bf6 $18) (21. Nxe5 Bf5 22. g4 Be6 23. Bxb7 Nxb7 24. Bxe7 f6 $18) 21... Nxd3 22. Bxe7 ({Less strong is} 22. R5xd3 Bxa3 23. Rxa3 a4 $16) 22... Nb2 23. Rb1 Nxc4 24. Rd8 Bf5 25. Rxa8 Bxb1 26. Bxf8 Kxf8 27. Nc7 {[%csl Gc7][%cal Ra8e8] [#]} Ncd6 28. Nxe8 Nxe8 29. Bxb7 {Black got outplayed after the opening.   Weighted Error Value: White=0.16 (very precise) /Black=0.61} 1-0

[Event "Benidorm Open-A 2022"]
[Site "Benidorm"]
[Date "2022.12.09"]
[Round "8.21"]
[White "Levi, Netanel"]
[Black "Achuthan, Dylan"]
[Result "1/2-1/2"]
[ECO "B30"]
[WhiteElo "2179"]
[BlackElo "2050"]
[Annotator "TA"]
[PlyCount "58"]
[EventDate "2022.12.03"]
[EventType "swiss"]
[EventCountry "ESP"]
[SourceTitle "playchess.com"]
[Source "ChessBase"]
[SourceQuality "1"]
[TimeControl "5400+30"]

1. e4 c5 2. Nf3 Nc6 3. Bb5 e6 4. O-O Nge7 5. d4 cxd4 6. Nxd4 a6 {6...Ng6 is setting a new trend. B30: Sicilian: 2...Nc6 3 Bb5, lines without ...g6.} 7. Be2 d5 8. exd5 Qxd5 {The position is equal.} 9. Nxc6 Qxc6 10. Bf3 (10. Qd3 {is more complex.} Nf5 11. Rd1 Be7 12. Bf3) 10... Qc7 {[#]} 11. b3 $146 ({Predecessor:} 11. Qd3 Ng6 12. Qc3 Bd6 13. Qxc7 Bxc7 14. Be3 Ne5 15. Be2 Bd7 16. Nd2 Bc6 17. a4 {½-½ (63) Gomez Barrera,J (2033)-Monroy Garzon,N (2094) Manta 2017}) 11... Bd7 (11... Nf5 {is interesting.} 12. Nd2 Bc5 13. Ne4 Be7) 12. Bb2 Bc6 13. c4 Rd8 14. Bxc6+ Qxc6 15. Qg4 h5 16. Qe2 Ng6 {Hoping for ...Nf4.} 17. Nc3 $1 h4 18. h3 (18. Qe4 $5) 18... Be7 19. Qe4 Qc7 20. Rad1 O-O 21. Rxd8 ({White should play} 21. Ne2 $11) 21... Rxd8 $15 22. Rd1 Bf6 23. Qc2 Nf4 24. Rxd8+ Qxd8 25. Bc1 Qd4 26. Ne4 Be5 {[#] aiming for ...Nd3.} 27. Bxf4 Bxf4 28. Kf1 Qa1+ 29. Ke2 Qe5 {Weighted Error Value: White=0.11 (very precise) /Black=0.09 (flawless)} 1/2-1/2

[Event "Benidorm Open-A 2022"]
[Site "Benidorm"]
[Date "2022.12.09"]
[Round "8.22"]
[White "Minnican, Alan"]
[Black "Nurgaliyev, Sauat"]
[Result "0-1"]
[ECO "A05"]
[WhiteElo "2049"]
[BlackElo "2113"]
[Annotator "TA"]
[PlyCount "72"]
[EventDate "2022.12.03"]
[EventType "swiss"]
[EventCountry "ESP"]
[SourceTitle "playchess.com"]
[Source "ChessBase"]
[SourceQuality "1"]
[TimeControl "5400+30"]

1. Nf3 Nf6 2. g3 g6 3. b3 Bg7 4. Bb2 O-O 5. Bg2 d6 6. d4 b5 {A49: 1 d4 Nf6 2 Nf3 g6 3 g3: Anti-King's Indian systems.} 7. Qd3 a6 8. Nbd2 Bb7 {The position is equal.} (8... Bf5 $5 9. e4 Nxe4 10. Nxe4 d5 $11) 9. O-O Nbd7 10. e4 e5 11. c3 c5 {[#]} 12. d5 $146 ({Predecessor:} 12. Rad1 Qc7 13. Rfe1 Rfe8 14. dxe5 dxe5 15. c4 Bc6 16. Nb1 Qb7 17. Nfd2 b4 18. Nf1 {1-0 (38) Blatny,P (2476)-Czebe,A (2414) Budapest 1999}) 12... Ne8 13. Ne1 f5 14. f3 (14. Rd1 $11) 14... Qg5 15. Nc2 Nc7 16. Qe2 h5 17. Qf2 Qe7 18. c4 Nb6 19. Qe2 ({White should play} 19. f4 $14) 19... f4 $11 20. Ne1 fxg3 21. hxg3 Qg5 (21... h4 $11) 22. Kf2 (22. f4 $14 {keeps the upper hand.} exf4 23. Bxg7 Kxg7 24. gxf4 Rxf4 25. Rxf4 Qxf4 26. Nd3) 22... Bh6 23. Bc1 h4 24. g4 Qxg4 {[#] Strongly threatening ...Qg3+. Black is much more active.} 25. Rh1 Qg3+ {Really sharp!} (25... Bc8 $17 {White must now prevent ...Qg3+.} 26. Kg1 Qh5) 26. Kg1 $1 {And now Nf1 would win.} Bf4 (26... Qg5 $5) 27. Nf1 ({Better is} 27. Nd3 $1 $14) 27... Qg5 $36 {[%mdl 2048] Black has the initiative.} 28. Nd3 (28. Bxf4 $15 Rxf4 29. Nd3) 28... Bxc1 29. Rxc1 bxc4 30. bxc4 Bc8 {[#] aiming for ...h3.} 31. Qe3 {Prevents h3. This move loses the game for White.} (31. Qd2 $1 $15 Qxd2 32. Nxd2) 31... Qxe3+ $19 {Black is clearly better.} 32. Nxe3 h3 33. Bf1 Rxf3 34. Nd1 Bd7 35. N1f2 Raf8 36. Bxh3 Rg3+ {Weighted Error Value: White=0.29 (precise) /Black=0.20 (precise)} (36... Bxh3 $19 {is more deadly.} 37. Rxh3 Rxh3 38. Nxh3 Rf3) 0-1

[Event "Benidorm Open-A 2022"]
[Site "Benidorm"]
[Date "2022.12.09"]
[Round "8.23"]
[White "Gil Lopez, Alejandro"]
[Black "O`Neill Y Daneiko, Jose Antonio"]
[Result "1/2-1/2"]
[ECO "B03"]
[WhiteElo "2041"]
[BlackElo "1961"]
[Annotator "TA"]
[PlyCount "60"]
[EventDate "2022.12.03"]
[EventType "swiss"]
[EventCountry "ESP"]
[SourceTitle "playchess.com"]
[Source "ChessBase"]
[SourceQuality "1"]
[TimeControl "5400+30"]

1. e4 Nf6 2. e5 Nd5 3. d4 d6 4. exd6 cxd6 5. Nf3 g6 6. Bc4 Nb6 7. Bb3 Bg7 8. c3 {B04: Alekhine's Defence: 4 Nf3.} O-O 9. O-O Nc6 10. Bg5 {White is slightly better.} h6 11. Bh4 Bf5 12. Nbd2 Na5 13. Re1 Re8 {[#]} 14. Bg3 $146 ({Predecessor:} 14. Bc2 Bxc2 15. Qxc2 Rc8 16. a4 Qd7 17. h3 e6 18. Bg3 a6 19. Ne4 Rc6 20. Bh2 {½-½ (42) Kurgansky,V (2366)-Grego,L (2305) ICCF email 2015}) 14... Nxb3 15. Qxb3 Qc7 16. Re3 Rac8 17. Rae1 g5 {Against Nh4} 18. h3 e6 19. Ne4 Red8 20. Nfd2 Qc6 ({But not} 20... Nd5 $6 21. Rf3 $15) 21. f3 (21. Rf3 $15) 21... a5 22. h4 g4 (22... Nd5 $17 23. R3e2 b5 24. hxg5 hxg5) 23. a3 (23. Qd1 $11 {keeps the balance.}) 23... Nd5 $17 24. R3e2 a4 ({Black should play} 24... gxf3 $17 25. gxf3 b5) 25. Qa2 (25. Qd1 $11 {remains equal.}) 25... gxf3 26. Nxf3 b5 27. Bh2 Nf6 28. Nfd2 ({White should try} 28. Nxf6+ $15 Bxf6 29. Rf2) 28... h5 (28... Nxe4 $17 29. Nxe4 e5) 29. Nxf6+ $1 $11 Bxf6 {A strong pair of Bishops.} 30. Nf3 Bg4 {Weighted Error Value: White=0.24 (precise) /Black=0.25 (precise)} 1/2-1/2

[Event "Benidorm Open-A 2022"]
[Site "Benidorm"]
[Date "2022.12.09"]
[Round "8.24"]
[White "Plaskett, H James"]
[Black "Unciti Juan, Javier"]
[Result "1-0"]
[ECO "C05"]
[WhiteElo "2365"]
[BlackElo "1999"]
[Annotator "TA"]
[PlyCount "67"]
[EventDate "2022.12.03"]
[EventType "swiss"]
[EventCountry "ESP"]
[SourceTitle "playchess.com"]
[Source "ChessBase"]
[SourceQuality "1"]
[TimeControl "5400+30"]

1. e4 e6 2. d4 d5 3. Nd2 Nf6 4. Bd3 c5 5. e5 Nfd7 6. c3 Nc6 7. Ngf3 f6 8. O-O {C06: French Tarrasch: 3...Nf6 4 e5 Nfd7 5 Bd3 main lines.} (8. exf6 $14 Qxf6 9. O-O) 8... fxe5 $11 9. Nxe5 Ndxe5 (9... cxd4 $2 10. Nxc6 (10. Qh5+ g6 $18) 10... bxc6 11. Qh5+ (11. cxd4 Nf6 $16) 11... Ke7 12. Nf3 $18 (12. cxd4 Nf6 $18)) 10. dxe5 {The position is equal.} Nxe5 11. Qh5+ Nf7 12. Re1 {[%cal Od2f3] [#]} (12. Bxh7 $2 g6 13. Qxg6 Qh4 $19) 12... a6 $146 ({Predecessor:} 12... g6 13. Bb5+ Ke7 14. Qh4+ g5 15. Qh5 a6 16. Ba4 b5 17. Bc2 h6 18. Nf3 Bg7 {1-0 (46) Daianu,C (2218)-Pavlov,D (2348) Chess.com INT 2020}) 13. c4 $36 {[%mdl 2048] Black is under pressure.} ({But not} 13. Bxh7 g6 14. Qxg6 Qh4 $17) 13... d4 14. f4 {[%cal Of4f5][%mdl 1024] White has compensation.} (14. Bxh7 {is interesting.} g6 15. Qxg6 Qh4 16. Rxe6+ Be7 17. Rxe7+ Kxe7 18. Qe4+) 14... g6 {Prevents f5.} 15. Qg4 Be7 16. Nf3 Kf8 17. h4 Nh6 (17... Rg8 $11) 18. Qh3 $16 {White is more active.} e5 {Inhibits h5.} (18... Nf5 $16 {keeps fighting.}) 19. Qg3 (19. f5 $1 $18 Nxf5 20. g4) 19... Bf5 $2 (19... Nf5 $14 20. Qh2 e4 21. Bxe4 h5) 20. fxe5 $18 Bxd3 $2 (20... Kg7) 21. Bxh6+ Ke8 22. b3 {aiming for Ng5.} Bf5 23. Rad1 (23. e6 $18 {and the rest is easy.}) 23... Be6 (23... Qc7 $16) 24. Bg7 Rg8 25. Bf6 Qd7 26. Ng5 h6 (26... Bf8 $142 27. Ne4 Qc6) 27. Ne4 b6 28. b4 Qc6 (28... cxb4 $2 29. Nd6+ Kd8 30. Rxd4 $18) 29. bxc5 $2 (29. Nd6+ Kd7 30. Bxe7 Kxe7 31. bxc5 bxc5 32. Rb1) 29... bxc5 $2 (29... Bxc5 30. a4 Rb8) 30. Qa3 {Threatens to win with Bxe7.} Rc8 $2 {[#]} (30... Rd8 31. Bxe7 Kxe7 32. Nxc5 (32. Qxc5+ Qxc5 33. Nxc5 Bxc4 $11) 32... Kf7) 31. Rxd4 $3 g5 {[#]} (31... Rb8 32. Rd3) 32. Rd6 $1 Qa8 (32... Bxd6 33. exd6) 33. Nxc5 (33. Rxe6 $142 Rc7 34. Qf3) 33... Bxc4 34. Ne4 {Weighted Error Value: White=0.68/Black=0.99} 1-0